 Dungeon Crawl Stone Soup version 0.29.1-12-g30fa7ad0bf (webtiles) character file.

Game seed: 14786145505194954867

5123 Caestello the Nimble (level 10, -7/74 HPs)
             Began as a Merfolk Monk on Dec 12, 2022.
             Was a Priest of Dithmenos.
             Mangled by a yak (9 damage)
             ... on level 9 of the Dungeon.
             The game lasted 00:27:38 (11016 turns).

Caestello the Nimble (Merfolk Monk)                Turns: 11016, Time: 00:27:38

Health: -7/74      AC:  7    Str: 33    XL:     10   Next: 58%
Magic:  14/14      EV: 18    Int:  7    God:    Dithmenos [***...]
Gold:   1178       SH:  0    Dex: 22    Spells: 9/9 levels left

rFire   x . .      SeeInvis .   y - +4 halberd "Dissurr" {venom, rPois Will- Str+7 Int-3}
rCold   + . .      Faith    .   (shield currently unavailable)
rNeg    + . .      Spirit   .   D - +3 leather armour of Rineun {rElec Str+7 Stlth+}
rPois   +          Reflect  .   (no helmet)
rElec   +          Harm     .   C - +0 cloak
rCorr   .          Rampage  .   (no gloves)
Will    .....                   (no boots)
Stlth   ++++++++..              (no amulet)
HPRegen 0.22/turn               k - ring "Rivof" {Ice +Blink rN+ Stlth+}
MPRegen 0.14/turn               i - ring of Awe {rPois Str+3 Dex+6}

@: wreathed by umbra
A: (nimble swimmer 2), mertail
a: Renounce Religion, Evoke Blink, Shadow Step


You were on level 9 of the Dungeon.
You worshipped Dithmenos.
Dithmenos was most pleased with you.
You visited 2 branches of the dungeon, and saw 10 of its levels.
You also visited: Bailey.

You collected 1178 gold pieces.

Inventory:

Hand Weapons
 m - the +10 hammer "Hazouniu" {vorpal, Dex+4}
   (You found it on level 2 of the Dungeon)

   It inflicts extra damage upon your enemies.
   Dex:       It affects your dexterity (+4).
 y - the +4 halberd "Dissurr" (weapon) {venom, rPois Will- Str+7 Int-3}
   (You found it on level 8 of the Dungeon)

   It poisons the flesh of those it strikes.
   Str:       It affects your strength (+7).
   Int:       It affects your intelligence (-3).
   rPois:     It protects you from poison.
   Will:      It decreases your willpower.
 E - a +0 bardiche
Armour
 d - +0 steam dragon scales
 C - a +0 cloak (worn)
 D - the +3 leather armour of Rineun (worn) {rElec Str+7 Stlth+}
   (You found it in a bailey)

   Str:       It affects your strength (+7).
   rElec:     It insulates you from electricity.
   Stlth:     It makes you more stealthy.
Jewellery
 i - the ring of Awe (right hand) {rPois Str+3 Dex+6}
   (You acquired it on level 5 of the Dungeon)

   [ring of dexterity]

   Str:       It affects your strength (+3).
   Dex:       It affects your dexterity (+6).
   rPois:     It protects you from poison.
 j - a ring of magical power
 k - the ring "Rivof" (left hand) {Ice +Blink rN+ Stlth+}
   (You found it on level 2 of the Dungeon)

   [ring of ice]

   It enhances your ice magic.
   rF:        It makes you vulnerable to fire.
   rC:        It protects you from cold.
   rN:        It protects you from negative energy.
   +Blink:    It lets you blink.
   Stlth:     It makes you more stealthy.
 F - a +6 ring of intelligence
Wands
 n - a wand of iceblast (3) (quivered)
 A - a wand of paralysis (5)
Scrolls
 a - a scroll of brand weapon {unknown}
 e - 3 scrolls of teleportation
 g - a scroll of noise
 h - 2 scrolls of immolation
 o - 2 scrolls of enchant weapon {unknown}
 r - 2 scrolls of magic mapping
 x - a scroll of butterflies {unknown}
 z - a scroll of silence {unknown}
 B - a scroll of poison {unknown}
Potions
 b - a potion of cancellation {unknown}
 c - 2 potions of ambrosia
 f - a potion of magic {unknown}
 l - a potion of attraction
 p - 5 potions of curing
 q - a potion of invisibility
 s - 2 potions of might {unknown}
 t - 3 potions of brilliance
 u - 3 potions of resistance {unknown}
 v - 2 potions of mutation {unknown}
 w - 3 potions of heal wounds {unknown}


   Skills:
 + Level 5.5 Fighting
 - Level 7.3 Maces & Flails
 * Level 6.3 Polearms
 + Level 1.3 Armour
 * Level 8.4 Dodging
 + Level 7.1 Stealth
 * Level 5.7 Invocations
 * Level 5.1 Evocations


You had 9 spell levels left.
You didn't know any spells.
Your spell library contained the following spells:

 Spells                   Type           Power      Damage    Failure   Level
 Necrotise                Necr           0%         1d4       45%         1
 Sting                    Tmut/Pois      0%         1d3       45%         1
 Poisonous Vapours        Pois/Air       0%         N/A       61%         2
 Lesser Beckoning         Tloc           0%         N/A       83%         3
 Tukima's Dance           Hex            0%         N/A       83%         3
 Vampiric Draining        Necr           0%         2d6       83%         3
 Olgreb's Toxic Radiance  Pois           0%         N/A       99%         4
 Passage of Golubria      Tloc           0%         N/A       99%         4
 Agony                    Necr           0%         N/A       100%        5
 Summon Forest            Summ/Tloc      0%         N/A       100%        5
 Yara's Violent Unravell  Hex/Tmut       0%         3d3       100%        5
 Disjunction              Tloc           0%         N/A       100%        8


Dungeon Overview and Level Annotations

Branches:
Dungeon (9/15)             Temple (1/1) D:5            Lair (0/5) D:8
 Bailey (visited)
    Orc: D:9-12

Altars:
Ashenzari
Cheibriados
Dithmenos
Elyvilon
Fedhas
Gozag
Hepliaklqana
Makhleb
Nemelex Xobeh
Okawaru
Qazlal
Ru
Sif Muna
Trog
Uskayaw
Vehumet
Wu Jian
Xom
Yredelemnul
Zin
The Shining One

Annotations:
D:2 1 runed translucent door, Crazy Yiuf


Innate Abilities, Weirdness & Mutations

((You are very nimble when in or above water. (Stealth+, EV+, Speed+++)))
Your lower body shifts to a powerful aquatic tail in water.


Message History

The yak misses you. The yak closely misses you. The yak completely misses you.
You puncture the yak!
The yak is heavily wounded.
The yak gores you! The yak closely misses you.
You impale the yak!!
The yak is severely wounded.
The yak barely misses you. The yak misses you. The yak closely misses you.
The yak gores you but does no damage. The yak gores you!
The yak barely misses you. The yak misses you.
You hit the yak.
The yak is poisoned.
The yak is lightly wounded.
The yak misses you. The yak gores you but does no damage. The yak gores you!
The yak gores you.
You slice the yak!!
The yak looks as sick as possible!
The yak is severely wounded.
The yak misses you. The yak closely misses you. The yak gores you!
The yak gores you.
* * * LOW HITPOINT WARNING * * *
You puncture the yak!
The yak is almost dead.
You kill the yak!
Dithmenos accepts your kill. The yak misses you. The yak barely misses you.
The yak gores you.
* * * LOW HITPOINT WARNING * * *
The yak completely misses you.
You barely miss the yak.
The yak is severely wounded.
The yak barely misses you. The yak gores you but does no damage.
The yak misses you.
You barely miss the yak.
The yak is almost dead.
The yak misses you. The yak gores you!
* * * LOW HITPOINT WARNING * * *
The yak barely misses you.
You completely miss the yak.
The yak is almost dead.
The yak gores you.
* * * LOW HITPOINT WARNING * * *
The yak closely misses you. The yak barely misses you. The yak gores you!
You die...

#########
#.......#
#.......#
#...@...#
#..YYY..##
#.)......#######
#...............
#......>#.....##
#.......#.....#
#.........##..#
###........#..#
#........# ...


You could see 3 yaks.

Vanquished Creatures
  An orc knight (Bailey)
  A deep elf zephyrmancer (Bailey)
  A troll (D:8)
  A yak (D:9)
  A wyvern (D:8)
  A steam dragon (D:7)
  An acid dragon (D:8)
  Duvessa (D:7)
  3 ice beasts
  4 orc warriors (Bailey)
  2 sky beasts (D:6)
  2 black bears
  2 centaurs (D:7)
  5 wolves (D:8)
  A phantom (D:5)
  2 kobold brigands
  Blork the orc (D:5)
  2 bullfrogs
  2 necrophages (D:6)
  5 scorpions
  5 wights
  Dowan (D:7)
  3 electric eels (D:8)
  A howler monkey (D:5)
  5 hounds
  A jelly (D:6)
  3 orc priests (D:7)
  A gnoll bouda (D:6)
  3 iguanas
  An orc wizard (D:8)
  3 gnolls (D:6)
  6 adders
  A shadow imp (D:7)
  An ufetubus (D:4)
  A dart slug (D:4)
  19 orcs
  A bat (D:1)
  6 endoplasms
  2 giant cockroaches
  9 goblins
  3 hobgoblins (D:4)
  4 jackals
  2 quokkas
  5 ball pythons
  2 frilled lizards (D:1)
  18 kobolds
  8 rats
154 creatures vanquished.

Vanquished Creatures (others)
  An orc (D:8)
  16 plants (D:5)
17 creatures vanquished.

Grand Total: 171 creatures vanquished

Notes
Turn   | Place    | Note
-------+----------+-------------------------------------------
     0 | D:1      | Caestello the Merfolk Monk began the quest for the Orb.
     0 | D:1      | Reached XP level 1. HP: 18/18 MP: 1/1
    66 | D:1      | Found a faded altar of an unknown god.
    78 | D:1      | Reached XP level 2. HP: 23/24 MP: 2/2
   615 | D:1      | Reached XP level 3. HP: 30/30 MP: 3/3
  1075 | D:2      | Found a bloodstained altar of Trog.
  1368 | D:2      | Identified the ring "Rivof" {Ice +Blink rN+ Stlth+}
  1633 | D:2      | Found a runed translucent door.
  1633 | D:2      | Identified the +10 hammer "Hazouniu" {vorpal, Dex+4}
  1634 | D:2      | Noticed Crazy Yiuf
  2045 | D:3      | Reached XP level 4. HP: 37/37 MP: 4/4
  2486 | D:4      | Noticed a scorpion
  2571 | D:4      | Found a snail-covered altar of Cheibriados.
  2794 | D:4      | Killed a scorpion
  2795 | D:4      | Reached skill level 1 in Maces & Flails
  2795 | D:4      | Reached skill level 5 in Dodging
  2795 | D:4      | Reached skill level 1 in Invocations
  2795 | D:4      | Reached XP level 5. HP: 26/42 MP: 5/5
  3374 | D:5      | Entered Level 5 of the Dungeon
  3377 | D:5      | Noticed an ice beast
  3388 | D:5      | Killed an ice beast
  3389 | D:5      | Reached skill level 5 in Polearms
  3389 | D:5      | Reached skill level 1 in Evocations
  3389 | D:5      | Reached XP level 6. HP: 44/48 MP: 5/7
  3553 | D:5      | Identified a scroll of acquirement
  3553 | D:5      | Acquired the ring of Awe {rPois Str+3 Dex+6}
  3749 | D:5      | Reached XP level 7. HP: 54/54 MP: 8/8
  3922 | D:5      | Noticed Blork the orc
  4572 | D:5      | Killed Blork the orc
  4573 | D:5      | Reached XP level 8. HP: 42/61 MP: 10/10
  4742 | D:5      | Found a staircase to the Ecumenical Temple.
  4747 | Temple   | Entered the Ecumenical Temple
  4976 | Temple   | Became a worshipper of Dithmenos the Shadowed
  4976 | Temple   | Reached * piety under Dithmenos
  4976 | Temple   | Reached ** piety under Dithmenos
  5040 | D:6      | Found a stormy altar of Qazlal.
  5137 | D:6      | Identified the +1 leather armour of the Cobbler {Int+4}
  5185 | D:6      | Found a hazy altar of Hepliaklqana.
  5291 | D:6      | Reached skill level 5 in Stealth
  5313 | D:6      | Reached skill level 6 in Dodging
  5375 | D:6      | Reached skill level 5 in Maces & Flails
  5430 | D:6      | Found a blossoming altar of Fedhas.
  6252 | D:7      | Reached XP level 9. HP: 22/67 MP: 11/11
  6264 | D:7      | Noticed Duvessa
  6264 | D:7      | Noticed Dowan
  6919 | D:7      | Got the Tome of the Tesseract
  7375 | D:7      | Killed Duvessa
  7376 | D:7      | Reached skill level 1 in Armour
  7376 | D:7      | Reached skill level 7 in Dodging
  7383 | D:7      | Killed Dowan
  7436 | D:7      | Reached skill level 5 in Fighting
  7744 | D:8      | Found a flagged portal.
  7755 | Bailey   | Entered a bailey
  7979 | Bailey   | Noticed an orc knight
  8333 | Bailey   | HP: 2/68 [orc knight/+0 trident (21)]
  8681 | Bailey   | Found a large runed translucent door.
  8681 | Bailey   | Found a large runed translucent door.
  8682 | Bailey   | Noticed a deep elf zephyrmancer
  9052 | Bailey   | Killed an orc knight
  9701 | Bailey   | Reached XP level 10. HP: 59/74 MP: 13/13
  9833 | Bailey   | Killed a deep elf zephyrmancer
  9834 | Bailey   | Reached skill level 5 in Invocations
  9886 | Bailey   | Identified the +3 leather armour of Rineun {rElec Str+7
                  | Stlth+}
  9907 | Bailey   | Identified the +5 ring mail of the Sparrow {rPois rF+}
 10071 | D:8      | Identified the +4 halberd "Dissurr" {venom, rPois Will-
                  | Str+7 Int-3}
 10141 | D:8      | Found a staircase to the Lair.
 10142 | D:8      | Reached *** piety under Dithmenos
 10159 | D:8      | Reached skill level 8 in Dodging
 10325 | D:8      | Reached skill level 5 in Evocations
 10841 | D:8      | Acquired 732 gold pieces
 11016 | D:9      | HP: 2/74 [yak (4)]
 11016 | D:9      | Mangled by a yak

Illustrated notes

Levels and vault maps discovered:
D:1:      nzn_arrival_depleted_hourglass, layout_rooms,
          hellmonk_ecumenical_altar_arch_garden
D:2:      layout_rooms, basic_altar, uniq_crazy_yiuf_cottage
D:3:      layout_rooms
D:4:      layout_basic, mainiacjoe_overflow_alcove_4,
          minmay_misc_feat_secret_circle
D:5:      layout_loops_cross, temple_statues, serial_bayou_lagoon_b,
          uniq_blork_the_orc
D:6:      layout_basic, fedhas_ov_isle_minmay, overflow_temple_1_default,
          nzn_hepliaklqana_mist_gate
D:7:      layout_loops_ring, uniq_duvessa
D:8:      layout_rooms, erik_lair_island, enter_bailey_3
D:9:      layout_rooms, minmay_misc_feat_iff
Temple:   bh_familiar_temple

Skill      XL: |  1  2  3  4  5  6  7  8  9 10 |
---------------+-------------------------------+-----
Maces & Flails | 1 2 3 4 5 7 |  7.3
Dodging        | 5 6 7 8 |  8.4
Invocations    | 1 2 3 4 5 |  5.7
Fighting       | 4 5 |  5.5
Stealth        | 3 4 5 6 7 |  7.1
Polearms       | 5 6 |  6.3
Evocations     | 1 2 3 4 5 |  5.1
Armour         | 1 |  1.3

Action                   |  1- 3 |  4- 6 |  7- 9 | 10-12 || total
-------------------------+-------+-------+-------+-------++-------
Melee: Spear             |   145 |       |       |       ||   145
       Mace              |     4 |    87 |   227 |    11 ||   329
       Tailslap          |       |     9 |    16 |     6 ||    31
       Punch             |       |       |     4 |       ||     4
       Halberd           |       |       |       |    61 ||    61
 Abil: Evoke Blink       |       |       |     3 |     1 ||     4
Evoke: Wand              |       |       |     7 |       ||     7
  Use: Potion            |     2 |       |     1 |     2 ||     5
       Scroll            |       |     6 |     6 |     2 ||    14
 Stab: Sleeping          |     7 |     5 |    13 |     5 ||    30
       Distracted        |       |     1 |     3 |       ||     4
       Paralysed         |       |       |     2 |       ||     2
Armor: Robe              |    22 |     3 |     2 |       ||    27
       Skin              |    11 |       |       |     2 ||    13
       Leather armour    |       |       |     8 |    18 ||    26
       Steam dragon scal |       |       |     5 |       ||     5
Dodge: Dodged            |    84 |    65 |   264 |   128 ||   541
